 Dungeon Crawl Stone Soup version 0.25.0-15-gac7dcb8919 (webtiles) character file.

Game seed: 18338452001473930247

884 protoss039 the Thaumaturge (level 7, -1/36 HPs)
             Began as a Deep Elf Earth Elementalist on June 29, 2020.
             Was a Follower of Vehumet.
             Shot with an arrow by a centaur (9 damage)
             ... on level 6 of the Dungeon.
             The game lasted 00:19:33 (6862 turns).

protoss039 the Thaumaturge (DEEE)                   Turns: 6862, Time: 00:19:33

Health: -1/36      AC:  2    Str:  5    XL:     7   Next: 76%
Magic:  16/21      EV: 13    Int: 22    God:    Vehumet [*.....]
Gold:   301        SH:  0    Dex: 15    Spells: 8/23 levels left

rFire    . . .     SeeInvis +   o - +0 dagger
rCold    . . .     Gourm    .   (no shield)
rNeg     . . .     Faith    .   c - +0 robe
rPois    .         Spirit   .   (no helmet)
rElec    .         Reflect  .   (no cloak)
rCorr    .         Harm     .   (no gloves)
MR       .....                  (no boots)
Stlth    ++........             (no amulet)
HPRegen  0.12/turn              j - ring of see invisible
MPRegen  0.17/turn              (no ring)

@: no status effects
A: no striking features
a: Renounce Religion


You were on level 6 of the Dungeon.
You worshipped Vehumet.
Vehumet was aware of your devotion.
You were not hungry.

You visited 1 branch of the dungeon, and saw 6 of its levels.

You collected 301 gold pieces.

Inventory:

Hand Weapons
 o - a +0 dagger (weapon)
 C - a cursed -2 short sword
Missiles
 b - 105 stones (quivered)
Armour
 c - a +0 robe (worn)
 n - a +0 pair of gloves
 B - a +0 leather armour of fire resistance
Jewellery
 e - an uncursed amulet of guardian spirit
 f - an uncursed ring of positive energy
 h - an uncursed ring of ice
 j - a ring of see invisible (left hand)
 p - the ring "Uhiofeyll" {rElec MR- Int-4 Dex+6 Slay+6, unknown}
   (You found it on level 6 of the Dungeon)

   [ring of dexterity]

   It affects your intelligence (-4).
   It affects your dexterity (+6).
   It affects your accuracy and damage with ranged weapons and melee attacks
   (+6).
   It insulates you from electricity.
   It affects your resistance to hostile enchantments.
Wands
 w - a wand of random effects (14)
 y - a wand of polymorph (8)
Scrolls
 a - 2 scrolls of enchant armour {unknown}
 g - 3 scrolls of teleportation
 i - 2 scrolls of amnesia {unknown}
 k - a scroll of immolation {unknown}
 l - 4 scrolls of remove curse
 m - 2 scrolls of magic mapping {unknown}
 t - 2 scrolls of random uselessness {unknown}
 u - a scroll of identify
Potions
 q - a potion of ambrosia
 s - a potion of magic {unknown}
 v - 2 potions of stabbing {unknown}
 x - a potion of experience {unknown}
 z - a potion of flight {unknown}
 A - a potion of cancellation {unknown}
Comestibles
 d - 10 rations


   Skills:
 - Level 2.4 Dodging
 - Level 2.4 Stealth
 * Level 8.6 Spellcasting
 - Level 0.3 Conjurations
 - Level 1.1 Transmutations
 * Level 7.7 Earth Magic


You had 8 spell levels left.
You knew the following spells:

 Your Spells              Type           Power        Failure   Level  Hunger
a - Sandblast             Erth           #####.       1%          1    None
b - Passwall              Tmut/Erth      ####....     1%          2    None
c - Stone Arrow           Conj/Erth      ####..       4%          3    None
d - Petrify               Tmut/Erth      ####....     12%         4    ###....
e - Lee's Rapid Deconstr  Erth           #####.....   9%          5    #####..

Your spell library contained the following spells:

 Spells                   Type           Power        Failure   Level  Hunger
 Shock                    Conj/Air       ##..         7%          1    None
 Beastly Appendage        Tmut           ##....       4%          1    None
 Sticks to Snakes         Tmut           ##......     7%          2    None
 Spider Form              Tmut/Pois      ##........   17%         3    None
 Ice Form                 Ice/Tmut       ##......     50%         4    ###....
 Blade Hands              Tmut           ##........   77%         5    #####..


Dungeon Overview and Level Annotations

Branches:
Dungeon (6/15)
 Temple: D:4-7

Altars:
Hepliaklqana
Kikubaaqudgha
Okawaru
Ru
Vehumet
The Shining One

Annotations:
D:4 Edmund


Message History

Unknown command.
Unknown command.
Casting: Sandblast (safe; 1% risk of failure)
Confirm with . or Enter, or press ? or * to list all spells.
The spell is quite dangerous to cast (9% risk of failure)!
Continue anyway?
Aiming: Lee's Rapid Deconstruction (quite dangerous; 9% risk of failure)
Press: ? - help, Dir - move target cursor A rock wall.
The wall shatters!
The blast of rock fragments hits the centaur!
The centaur is heavily wounded.
The blast of rock fragments hits the hound!!
You kill the hound!
Vehumet accepts your kill.
You can now gain magical power from killing.
Vehumet offers you knowledge of Shock.
You hear a bark! x2
The centaur shoots an arrow.
The arrow barely misses you.
The centaur shoots an arrow.
The arrow hits you!
You die...

#######..#####
###....##.....##.
######..########..####.##..#
......_.................. ..#
...................##..####...
#########..........#..# ...
###.....##...# ###.#.##..#
#..(....# ###@....####.
##......... ##(#.##..
...............
....####....... ## #cS....
...#.. c..... .....


You could see a centaur and an adder.

Vanquished Creatures
  2 phantoms
  2 ogres
  A centaur (D:6)
  A crimson imp (D:5)
  A centaur skeleton (D:4)
  2 hounds
  3 orc priests (D:5)
  An iguana (D:5)
  2 orc wizards
  2 worker ants (D:4)
  A howler monkey skeleton (D:6)
  5 adders
  An adder zombie (D:5)
  An adder skeleton (D:5)
  3 worms
  A dart slug (D:4)
  4 leopard geckos
  6 orcs
  A giant cockroach (D:1)
  11 goblins
  3 hobgoblins (D:2)
  4 quokkas
  2 bats
  3 frilled lizards (D:2)
  2 kobolds
  4 rats
69 creatures vanquished.

Notes
Turn   | Place    | Note
-------+----------+-------------------------------------------
     0 | D:1      | protoss039 the Deep Elf Earth Elementalist began the quest
                  | for the Orb.
     0 | D:1      | Reached XP level 1. HP: 10/10 MP: 6/6
   517 | D:1      | Reached XP level 2. HP: 15/15 MP: 6/8
  1440 | D:2      | Reached XP level 3. HP: 19/19 MP: 6/10
  1979 | D:3      | You fall into a shaft and drop 2 floors!
  1979 | D:5      | Entered Level 5 of the Dungeon
  1988 | D:5      | Reached skill level 4 in Spellcasting
  1988 | D:5      | Reached XP level 4. HP: 6/24 MP: 7/12
  2227 | D:4      | Learned a level 2 spell: Passwall
  2231 | D:4      | Learned a level 3 spell: Stone Arrow
  2411 | D:3      | Found a radiant altar of Vehumet.
  2421 | D:3      | Became a worshipper of Vehumet
  2474 | D:3      | Reached skill level 5 in Spellcasting
  2583 | D:3      | Found a glowing golden altar of the Shining One.
  2733 | D:3      | Reached skill level 5 in Earth Magic
  3321 | D:4      | Noticed a phantom
  3325 | D:4      | Killed a phantom
  3325 | D:4      | Reached XP level 5. HP: 28/28 MP: 5/15
  3612 | D:4      | Found an iron altar of Okawaru.
  3689 | D:4      | Noticed an ogre
  3693 | D:4      | Killed an ogre
  3693 | D:4      | Reached skill level 6 in Spellcasting
  3693 | D:4      | Reached XP level 6. HP: 32/32 MP: 12/17
  3819 | D:4      | Found an ancient bone altar of Kikubaaqudgha.
  4161 | D:4      | Learned a level 4 spell: Petrify
  4167 | D:4      | Learned a level 5 spell: Lee's Rapid Deconstruction
  4275 | D:5      | Noticed Edmund
  4879 | D:5      | Reached skill level 7 in Spellcasting
  5179 | D:5      | Reached XP level 7. HP: 36/36 MP: 10/20
  5666 | D:5      | Found a hazy altar of Hepliaklqana.
  6160 | D:5      | HP: 1/36 [orc priest/nerve-wracking pain (13)]
  6176 | D:5      | HP: 1/81 [orc priest/divine providence (10)]
  6177 | D:5      | Reached skill level 8 in Spellcasting
  6642 | D:6      | Got a glittering jade ring
  6847 | D:6      | Found a sacrificial altar of Ru.
  6862 | D:6      | Reached * piety under Vehumet
  6862 | D:6      | Offered knowledge of Shock by Vehumet.
  6862 | D:6      | Shot with an arrow by a centaur

Illustrated notes

Levels and vault maps discovered:
D:1:      dpeg_arrival_solitude, layout_loops_ring
D:2:      layout_basic
D:3:      layout_loops_ring, lemuel_coloured_pillars_altar,
          overflow_temple_1_default
D:4:      layout_loops_ring, marbit_many_paths, kennysheep_okawaru_gauntlet
D:5:      layout_cave_pods, overflow_temple_1_default, portal_sewer_entry_b,
          first_ration, serial_column_ruins, column_ruins_hut,
          column_ruins_corridor_T, column_ruins_open_small,
          column_ruins_corridor_corner, column_ruins_open_medium,
          column_ruins_grid_1, column_ruins_columns_corner, uniq_edmund
D:6:      layout_rooms, old_standard_altar, overflow_temple_1_default

Skill      XL: |  1  2  3  4  5  6  7 |
---------------+----------------------+-----
Earth Magic    | 4 5 6 7 |  7.7
Spellcasting   | 4 5 6 7 8 |  8.6
Dodging        | |  2.4
Stealth        | |  2.4
Conjurations   | |  0.3
Transmutations | |  1.1

Action                   |  1- 3 |  4- 6 |  7- 9 || total
-------------------------+-------+-------+-------++-------
Melee: Dagger            |    18 |       |    18 ||    36
 Cast: Sandblast         |    31 |    26 |     3 ||    60
       Stone Arrow       |       |    44 |    14 ||    58
       Lee's Rapid Decon |       |       |     2 ||     2
  Use: Potion            |     4 |       |     4 ||     8
       Scroll            |     2 |     3 |       ||     5
  Eat: Chunk             |     3 |     7 |     6 ||    16
       Ration            |       |     1 |       ||     1
Armor: Robe              |    10 |     1 |       ||    11
       Skin              |       |       |    13 ||    13
Dodge: Dodged            |    21 |     5 |     8 ||    34
